 Dungeon Crawl Stone Soup version 0.18-a0-916-gc496e2e (webtiles) character file.

2202 Enish the Cruncher (level 9, -7/68 HPs)
             Began as a Human Wanderer on Dec 26, 2015.
             Was an Initiate of Gozag.
             Killed by divine providence
             ... invoked by an orc priest
              (14 damage)
             ... on level 8 of the Dungeon.
             The game lasted 00:34:05 (9181 turns).

Enish the Cruncher (Human Wanderer)                 Turns: 9181, Time: 00:34:05

Health: -7/68      AC:  7    Str: 10    XL:     9   Next: 60%
Magic:  9/9        EV: 14    Int: 27    God:    Gozag
Gold:   488        SH:  0    Dex: 19    Spells: 1 memorised, 5 levels left

rFire  + . .     SeeInvis .     a - +2 quarterstaff (freeze)
rCold  . . .     Gourm    .     v - +1 robe "Hero's Friend" {rF+ Int+6}
rNeg   . . .     Faith    .     (shield currently unavailable)
rPois  .         Spirit   .     (no helmet)
rElec  .         Dismiss  .     (no cloak)
rCorr  .         Reflect  .     s - +2 pair of gloves
SustAt .         Harm     .     (no boots)
MR     .....                    (no amulet)
Stlth  ++........               C - ring of flight
                                e - +2 ring of evasion

@: brilliant, not resistant to hostile enchantments, unstealthy
A: molten scales 1, thin skeletal structure 1, agile 1
a: Potion Petition, Call Merchant, Bribe Branch, Renounce Religion, Evoke Flight


You were on level 8 of the Dungeon.
You worshipped Gozag.
Gozag was noncommittal.
You were not hungry.

You visited 2 branches of the dungeon, and saw 9 of its levels.

You collected 601 gold pieces.
You paid 113 gold pieces to Gozag.

Inventory:

Hand Weapons
 a - a +2 quarterstaff of freezing (weapon)
 b - a +0 hunting sling
 n - a cursed -1 hand axe
 w - a +2 vampiric dagger
 x - the +1 rapier of Xawim {flame, rElec MP+9 Int-2}
   (You found it on level 5 of the Dungeon)

   It has been specially enchanted to burn those struck by it, causing extra
   injury to most foes and up to half again as much damage against particularly
   susceptible opponents.
   It affects your intelligence (-2).
   It insulates you from electricity.
   It affects your magic capacity (+9).
 G - the +9 dagger of the Five Suns {freeze, SInv}
   (You found it on level 4 of the Dungeon)

   It has been specially enchanted to freeze those struck by it, causing extra
   injury to most foes and up to half again as much damage against particularly
   susceptible opponents.
   It can also slow down cold-blooded creatures.
   It lets you see invisible.
Missiles
 g - 33 sling bullets
 h - 274 stones (quivered)
 i - 91 arrows
 m - 23 poisoned arrows
 q - 9 arrows of dispersal
 t - 14 bolts
 y - 3 needles of slowing
Armour
 c - the +1 leather armour "Huntitaote" {rPois rF- Regen+ rCorr}
   (You found it on level 6 of the Dungeon)

   It makes you vulnerable to fire.
   It protects you from poison.
   It increases your rate of regeneration.
   It protects you from acid and corrosion.
 s - a +2 pair of gloves (worn)
 v - the +1 robe "Hero's Friend" (worn) {rF+ Int+6}
   (You found it on level 6 of the Dungeon)

   It affects your intelligence (+6).
   It protects you from fire.
 J - the +1 ring mail of the Clam {rF+ Str+3 Int+2}
   (You found it on level 5 of the Dungeon)

   It affects your strength (+3).
   It affects your intelligence (+2).
   It protects you from fire.
Jewellery
 e - a +2 ring of evasion (left hand)
 C - a ring of flight (right hand)
Wands
 f - a wand of lightning (1/15)
 A - a wand of draining (0/15)
 D - a wand of enslavement (9/24)
 I - a wand of polymorph (0/24)
 K - a wand of magic darts (18/48)
Scrolls
 p - 3 scrolls of remove curse
 u - a scroll of brand weapon
 z - a scroll of teleportation
 M - a scroll of amnesia
Potions
 j - 2 potions of curing
 k - 3 potions of agility
 l - 3 potions of flight
 o - a potion of haste
 r - a potion of mutation
 B - a potion of ambrosia {unknown}
 E - a potion of degeneration {unknown}
 H - a potion of brilliance
Books
 F - a Fen Folio

   Spells                             Type                      Level
   a - Corpse Rot                     Necromancy                   2
   b - Stone Arrow                    Conjuration/Earth            3
   c - Leda's Liquefaction            Hexes/Earth                  4
   d - Summon Forest                  Summoning/Translocation      5
   e - Hydra Form                     Transmutation                6
   f - Summon Hydra                   Summoning                    7
Comestibles
 d - 5 bread rations
 L - a fruit


   Skills:
 - Level 5.4 Fighting
   Level 1.0(7.2) Polearms
 * Level 11.1(11.2) Staves
 - Level 1.5 Dodging
 - Level 1.0 Stealth
   Level 1.0 Shields
 - Level 1.0 Evocations


You had 5 spell levels left.
You knew the following spells:

 Your Spells              Type           Power        Failure   Level  Hunger
a - Stone Arrow           Conj/Erth      ###...       4%          3    ####...


Dungeon Overview and Level Annotations

Branches:
Dungeon (8/15)             Temple (1/1) D:5
   Lair: D:8-11

Altars:
Ashenzari
Cheibriados
Dithmenos
Elyvilon
Gozag
Makhleb
Nemelex Xobeh
Okawaru
Pakellas
Qazlal
Ru
Sif Muna
Vehumet
Xom
Zin
The Shining One

Shops:
D:8 [

Annotations:
D:3 exclusion: downstairs
D:7 Duvessa; Torax's ghost, novice HOGl


Innate Abilities, Weirdness & Mutations

You are partially covered in molten scales (AC +1).
You have a somewhat thin skeletal structure (Dex +2, Stealth).
You are agile. (Dex +2)


Message History

The orc priest closely misses you.
Drink which item? (? for menu, Esc to quit)
You feel better. The orc wizard barely misses you.
The orc priest closely misses you.
Drink which item? (? for menu, Esc to quit)
It was a potion of mutation.
You feel extremely strange.
Molten scales grow over part of your body.
You feel agile.
Your bones become slightly less dense.
The orc wizard barely misses you.
Drink which item? (? for menu, Esc to quit)
It was a potion of brilliance.
You feel clever all of a sudden.
The orc warrior throws a tomahawk.
The tomahawk barely misses you.
The orc wizard points at you and mumbles some strange words.
The magic dart hits you!
* * * LOW HITPOINT WARNING * * *
The orc priest invokes the aid of Beogh against you.
Something smites you!
You die...
Your body crumbles into a pile of gold.

.. #.# #.# ##.#.##.#
##... #.o.## #.# #.#
##..#.##.# ##.. #...o.
#.# #.###...#.##.# #..
#..#.##.###........>...#
#..
#...o.......###...#.####
#.. #....o..###.#
##.##.# #.. #.....# #.#
##.##.# #..
#.....###.###...#.# #..
#.(.(.....oo@o....# ...
.....[....##.###...###
#.# .........###.# ##.##
.####.#.## #.# #.o.
##.## #.. ..... ## ###
######


You could see an orc warrior, an orc priest, an orc wizard and an orc.

Vanquished Creatures
  Eustachio (D:5)
  An ice beast (D:7)
  A hungry ghost (D:7)
  A sky beast (D:7)
  A water moccasin (D:5)
  A swamp drake (D:6)
  An ogre (D:5)
  A black bear (D:7)
  A porcupine (D:8)
  A centaur (D:5)
  A giant frog (D:8)
  3 crimson imps
  A giant frog zombie (D:5)
  2 hounds
  A centaur skeleton (D:4)
  A gnoll shaman (D:4)
  Jessica (D:3)
  Natasha (thrice) (D:2)
  2 worker ants (D:7)
  Ijyb (D:3)
  An iguana (D:7)
  11 sheep (D:8)
  Robin (D:2)
  A river rat (D:8)
  14 adders
  7 gnolls
  3 shadow imps
  5 oozes
  2 adder skeletons
  2 worms
  3 giant geckos
  9 orcs
  4 ball pythons
  8 bats
  11 hobgoblins
  3 jackals (D:5)
  8 giant cockroaches
  A giant gecko skeleton (D:4)
  5 giant newts
  14 goblins
  7 kobolds
  4 quokkas
  A quokka zombie (D:5)
  5 rats
156 creatures vanquished.

Vanquished Creatures (collateral kills)
  A hungry ghost (D:7)
  A necrophage (D:7)
  A hound (D:7)
  A giant gecko (D:7)
4 creatures vanquished.

Vanquished Creatures (others)
  A centaur (D:7)
  A giant newt (D:4)
  A bush (D:8)
  3 fungi (D:8)
  3 plants (D:8)
9 creatures vanquished.

Grand Total: 169 creatures vanquished

Notes
Turn   | Place    | Note
--------------------------------------------------------------
     0 | D:1      | Enish the Human Wanderer began the quest for the Orb.
     0 | D:1      | Enish set off with: a +2 quarterstaff, 2 scrolls of teleportation, a +0 robe, a bread ration
     0 | D:1      | Reached XP level 1. HP: 16/16 MP: 1/1
     2 | D:1      | Noticed a centaur
     4 | D:1      | Noticed a dwarf
     6 | D:1      | Noticed a draconian
     6 | D:1      | Noticed a human
     8 | D:1      | Noticed a troll
     8 | D:1      | Noticed a naga
    10 | D:1      | Noticed a vampire
    10 | D:1      | Noticed a gargoyle
    12 | D:1      | Noticed an octopode
    12 | D:1      | Noticed a felid
    14 | D:1      | Noticed a vine stalker
    16 | D:1      | Noticed a demonspawn
    16 | D:1      | Noticed a formicid
    18 | D:1      | Noticed a demigod
    18 | D:1      | Noticed an elf
    20 | D:1      | Noticed a minotaur
    20 | D:1      | Noticed a ghoul
    22 | D:1      | Noticed a tengu
    22 | D:1      | Noticed a spriggan
    24 | D:1      | Noticed an ogre
    26 | D:1      | Noticed a merfolk
   145 | D:1      | Reached XP level 2. HP: 12/22 MP: 2/2
   853 | D:1      | Reached skill level 4 in Staves
   853 | D:1      | Reached XP level 3. HP: 20/27 MP: 3/3
  1187 | D:2      | Noticed Natasha
  1195 | D:2      | Killed Natasha
  1195 | D:2      | Reached XP level 4. HP: 22/33 MP: 4/4
  1218 | D:2      | Noticed Natasha
  2223 | D:2      | Noticed Robin
  2246 | D:2      | Killed Robin
  2246 | D:2      | Reached skill level 5 in Staves
  2251 | D:2      | Reached XP level 5. HP: 32/38 MP: 5/5
  2438 | D:2      | Killed Natasha
  2723 | D:3      | Noticed Ijyb
  2724 | D:3      | Noticed Jessica
  2735 | D:3      | Killed Jessica
  2864 | D:3      | Killed Ijyb
  2864 | D:3      | Reached skill level 6 in Staves
  2864 | D:3      | Reached XP level 6. HP: 26/44 MP: 6/6
  3344 | D:3      | Found a white marble altar of Elyvilon.
  3857 | D:3      | Found a burning altar of Makhleb.
  3890 | D:3      | Reached skill level 7 in Staves
  4264 | D:4      | Reached XP level 7. HP: 25/50 MP: 7/7
  4753 | D:4      | Found a sparkling altar of Nemelex Xobeh.
  4917 | D:4      | Got a warped dagger
  4965 | D:4      | Identified the +9 dagger of the Five Suns {freeze, SInv} (You found it on level 4 of the Dungeon)
  5011 | D:5      | Entered Level 5 of the Dungeon
  5016 | D:5      | Found an iron altar of Okawaru.
  5174 | D:5      | Noticed Eustachio
  5188 | D:5      | Killed Eustachio
  5485 | D:5      | Reached XP level 8. HP: 58/61 MP: 8/8
  5826 | D:5      | Found a staircase to the Ecumenical Temple.
  5835 | Temple   | Entered the Ecumenical Temple
  5879 | D:5      | Got a crude rapier
  5880 | D:5      | Identified the +1 rapier of Xawim {flame, rElec MP+9 Int-2} (You found it on level 5 of the Dungeon)
  6004 | D:2      | Noticed Natasha
  6011 | D:2      | Killed Natasha
  6625 | Temple   | Became a worshipper of Gozag Ym Sagoz the Greedy
  6923 | D:5      | Found a stormy altar of Qazlal.
  6927 | D:5      | Found a snail-covered altar of Cheibriados.
  6929 | D:5      | Got a crude ring mail
  6940 | D:5      | Identified the cursed +1 ring mail of the Clam {rF+ Str+3 Int+2} (You found it on level 5 of the Dungeon)
  6943 | D:5      | Found a glowing silver altar of Zin.
  7354 | D:5      | Reached skill level 5 in Fighting
  7446 | D:6      | Found a shattered altar of Ashenzari.
  7453 | D:6      | Reached skill level 8 in Staves
  7462 | D:6      | Got a creamy pearl robe
  7485 | D:5      | Identified the +1 robe "Hero's Friend" {rF+ Int+6} (You found it on level 6 of the Dungeon)
  7525 | D:6      | Learned a level 3 spell: Stone Arrow
  7621 | D:6      | Got a polished leather armour
  7632 | D:6      | Identified the +1 leather armour "Huntitaote" {rPois rF- Regen+ rCorr} (You found it on level 6 of the Dungeon)
  8094 | D:7      | Noticed Torax's ghost (novice HOGl)
  8209 | D:7      | Found a radiant altar of Vehumet.
  8217 | D:7      | Reached skill level 9 in Staves
  8222 | D:7      | Reached XP level 9. HP: 35/68 MP: 9/9
  8495 | D:7      | Noticed Duvessa
  8513 | D:8      | Found Ycoogarr's Armour Boutique.
  8624 | D:7      | Reached skill level 10 in Staves
  8680 | D:7      | Found a shimmering altar of Xom.
  9131 | D:8      | Reached skill level 11 in Staves
  9173 | D:8      | HP: 3/68 [porcupine (8)]
  9180 | D:8      | Gained mutation: You are partially covered in molten scales (AC +1). [potion of mutation]
  9180 | D:8      | Gained mutation: You are agile. (Dex +2) [potion of mutation]
  9180 | D:8      | Gained mutation: You have a somewhat thin skeletal structure (Dex +2, Stealth). [potion of mutation]
  9181 | D:8      | Killed from afar by an orc priest

Vault maps used:
D:1:      kb_arrival_jail
D:2:      first_bread, uniq_natasha, uniq_robin
D:3:      elyvilon_altar_4, makhleb_grotto_becter, uniq_iyjb, uniq_jessica
D:4:      nemelex_dance_club_becter
D:5:      minmay_overflow_temple_star_quad, minmay_temple_entry_large_hall,
          okawaru_ov_weapons_minmay, uniq_eustachio
D:6:      ashenzari_altar_1, portal_sewer_entry_b, serial_bayou_crossing
D:7:      xom_teletrap_fun, basic_altar, the_bakery, uniq_duvessa
D:8:      minmay_lair_entry_grove, serial_shops, shop, uniq_joseph
Temple:   zaba_magenta_temple_12

Action                   |  1- 3 |  4- 6 |  7- 9 || total
-------------------------+-------+-------+-------++-------
Melee: Quarterstaff      |    74 |   158 |   274 ||   506
 Fire: Hunting sling     |       |    15 |     8 ||    23
Throw: Stone             |     5 |     6 |       ||    11
Evoke: Wand              |       |       |    16 ||    16
  Use: Scroll            |     5 |     8 |     8 ||    21
       Potion            |     1 |       |     8 ||     9
 Stab: Sleeping          |     3 |     4 |     2 ||     9
       Distracted        |       |     1 |       ||     1
  Eat: Chunk             |       |    10 |     7 ||    17
       Beef jerky        |       |       |     1 ||     1
       Pizza             |       |       |     2 ||     2
       Meat ration       |       |       |     1 ||     1
       Fruit             |       |       |     2 ||     2
